[Event "ICCopen2017"]
[Site "Internet Chess Club"]
[Date "2017.04.02"]
[Round "8"]
[White "unkavalo"]
[Black "MrBoris"]
[Result "0-1"]
[ICCResult "White checkmated"]
[WhiteElo "2349"]
[BlackElo "2117"]
[Opening "English: three knights system"]
[ECO "A27"]
[NIC "EO.21"]
[Time "20:31:52"]
[TimeControl "180+0"]

1. c4 e5 2. Nc3 Nc6 3. Nf3 d6 4. d4 Nf6 5. dxe5 Nxe5 6. Nxe5 dxe5 7. Qxd8+
Kxd8 8. b3 c6 9. Bb2 Kc7 10. O-O-O Bf5 11. f3 Bc5 12. e4 Be6 13. Na4 Be3+
14. Kc2 Nd7 15. g3 f6 16. Bg2 h5 17. Rhe1 Bh6 18. Ba3 Rad8 19. Be7 Rde8 20.
Bb4 b6 21. c5 h4 22. Rd6 hxg3 23. hxg3 g6 24. Red1 b5 25. Nc3 Bf8 26. Ba5+
Nb6 27. cxb6+ axb6 28. Bb4 Rh2 29. R1d2 Bxd6 30. Bxd6+ Kb7 31. Ba3 Ra8 32.
Bc1 b4 33. Na4 c5 34. f4 Kc6 35. Nb2 Rxa2 36. f5 Bf7 37. Bf3 Rxd2+ 38. Bxd2
b5 39. Bh6 c4 40. Kb1 Ra3 41. Bg7 Rxb3 42. Bd1 Rxg3 43. Bxf6 gxf5 44. Bxe5
Rg1 45. Kc2 b3+ 46. Kd2 Rg2+ 47. Ke3 fxe4 48. Kxe4 Bd5+ 49. Ke3 b4 50. Bh5
c3 51. Nd3 b2 52. Nxb4+ Kc5 53. Nd3+ Kc4 54. Be2 Rxe2+ 55. Kxe2 b1=Q 56. Ne1
Qe4+ 57. Kf2 Qxe5 58. Kf1 Qf4+ 59. Ke2 Qe4+ 60. Kf2 Qxe1+ 61. Kxe1 c2 62.
Kd2 Kb3 63. Kc1 Bc4 64. Kd2 Kb2 65. Ke3 c1=Q+ 66. Kd4 Qc2 67. Kc5 Qd3 68.
Kb4 Qd5 69. Ka4 Qb5# {White checkmated} 0-1

[Event "ICCopen2017"]
[Site "Internet Chess Club"]
[Date "2017.04.02"]
[Round "8"]
[White "Bojack"]
[Black "cloak1"]
[Result "1-0"]
[ICCResult "Black checkmated"]
[WhiteElo "2186"]
[BlackElo "1814"]
[Opening "King's pawn game"]
[ECO "C44"]
[NIC "KP.07"]
[Time "20:33:05"]
[TimeControl "180+0"]

1. e4 e5 2. Nf3 Nc6 3. d3 Nf6 4. g3 Bc5 5. Bg2 d6 6. O-O h6 7. c3 Bg4 8. Re1
O-O 9. Nbd2 Ne8 10. Nf1 f5 11. Ne3 Bxe3 12. Rxe3 f4 13. Re1 fxg3 14. hxg3
Qf6 15. Re3 Kh8 16. d4 exd4 17. cxd4 Qf7 18. Qd3 Qh5 19. Nh2 Bh3 20. Bd2
Bxg2 21. Kxg2 Nf6 22. Rh1 Ng4 23. Nxg4 Qxg4 24. Bc3 Qg6 25. d5 Ne5 26. Bxe5
dxe5 27. Rc1 Rf7 28. Rf3 Raf8 29. Rxf7 Qxf7 30. Qe3 a6 31. Rc2 Qf6 32. Rc3
Rf7 33. Qf3 Qg6 34. Qe3 Kh7 35. Qe2 Qf6 36. Rf3 Qe7 37. Rxf7 Qxf7 38. Qe3
Qe7 39. f4 Qb4 40. b3 Qd6 41. fxe5 Qxe5 42. Qf4 Qb2+ 43. Kh3 Qb1 44. Qf5+
Kg8 45. Kg4 Qd1+ 46. Kf4 Qf1+ 47. Ke5 Qa1+ 48. Ke6 Qd4 49. Qf7+ Kh7 50. Qxc7
Qxe4+ 51. Qe5 Qb4 52. d6 Qb6 53. Ke7 Qb4 54. Ke8 Qb5+ 55. Qxb5 axb5 56. d7
g5 57. d8=Q h5 58. Kf7 h4 59. Qg8+ Kh6 60. Qg6# {Black checkmated} 1-0

[Event "ICCopen2017"]
[Site "Internet Chess Club"]
[Date "2017.04.02"]
[Round "8"]
[White "Darnoc"]
[Black "olimpus"]
[Result "0-1"]
[ICCResult "White resigns"]
[WhiteElo "2872"]
[BlackElo "2716"]
[Opening "Queen's gambit accepted"]
[ECO "D26"]
[NIC "QG.03"]
[Time "20:33:18"]
[TimeControl "180+0"]

1. d4 d5 2. c4 dxc4 3. e3 Nf6 4. Bxc4 e6 5. Nf3 a6 6. O-O b5 7. Bb3 Bb7 8.
a4 Nbd7 9. Qe2 c5 10. Rd1 cxd4 11. Nxd4 b4 12. a5 Qc7 13. Nd2 Nc5 14. Bc4
Bd6 15. h3 O-O 16. b3 Nfe4 17. Bb2 Nc3 18. Qg4 Nxd1 19. Rxd1 Bh2+ 20. Kh1
Be5 21. Rc1 Kh8 22. N2f3 Bxf3 23. Qxf3 Bxd4 24. Bxd4 Nxb3 25. Bxb3 Qxc1+ 26.
Kh2 Rad8 27. Qg3 Rxd4 28. exd4 Qc3 29. Qd6 Kg8 30. Bd1 Rc8 31. Be2 Qc7 32.
Qxc7 Rxc7 {White resigns} 0-1

[Event "ICCopen2017"]
[Site "Internet Chess Club"]
[Date "2017.04.02"]
[Round "8"]
[White "Kiketf"]
[Black "yummy2"]
[Result "1-0"]
[ICCResult "Black forfeits on time"]
[WhiteElo "2234"]
[BlackElo "2673"]
[Opening "Queen's pawn, Mason variation"]
[ECO "D00"]
[NIC "QP.08"]
[Time "20:32:08"]
[TimeControl "180+0"]

1. d4 d5 2. Bf4 c6 3. c3 Nf6 4. Nd2 Qb6 5. Qb3 Bf5 6. e3 Nbd7 7. h3 h6 8.
Ngf3 e6 9. Be2 Be7 10. O-O O-O 11. a4 Rac8 12. a5 Qxb3 13. Nxb3 a6 14. Nfd2
c5 15. dxc5 Nxc5 16. Nxc5 Bxc5 17. Nb3 Be7 18. Nd4 Bg6 19. Rfc1 Nd7 20. Nb3
Rc6 21. Nd4 Rcc8 22. Nb3 Rc6 23. Kf1 e5 24. Bg3 f6 25. Ke1 Bf7 26. Nd2 Nc5
27. b4 Ne6 28. b5 axb5 29. Bxb5 Rc5 30. Be2 Rfc8 31. Ra3 Bd8 32. a6 bxa6 33.
Bxa6 Ra8 34. Rca1 Be7 35. Bd3 Rxa3 36. Rxa3 e4 37. Be2 Rc8 38. Ra7 Bc5 39.
Ra6 f5 40. Nb3 Be7 41. Be5 Nf8 42. Kd2 Nd7 43. Bd4 Nf8 44. Ra7 Bd6 45. Ra6
Be7 46. g3 Ne6 47. Ra7 Bd6 48. Ra6 Be7 49. Be5 Ng5 50. Ra7 Bf8 51. h4 Ne6
52. Ra5 Nd8 53. Bd4 Nc6 54. Ra6 Nxd4 55. exd4 Be7 56. Na5 g5 57. Rxh6 gxh4
58. gxh4 Kg7 59. Rb6 Bxh4 60. Nc6 Bg5+ 61. Kc2 f4 62. Ne5 Rc7 63. Nxf7 Kxf7
64. Rd6 e3 65. Rxd5 Kf6 66. fxe3 fxe3 67. Bd3 {Black forfeits on time} 1-0

[Event "ICCopen2017"]
[Site "Internet Chess Club"]
[Date "2017.04.02"]
[Round "8"]
[White "refid"]
[Black "ChessOptimist"]
[Result "0-1"]
[ICCResult "White checkmated"]
[WhiteElo "1865"]
[BlackElo "2045"]
[Opening "French: Tarrasch, open variation, main line"]
[ECO "C09"]
[NIC "FR.23"]
[Time "20:31:53"]
[TimeControl "180+0"]

1. e4 e6 2. d4 d5 3. Nd2 c5 4. exd5 exd5 5. Ngf3 Nc6 6. Bb5 Bd6 7. O-O Ne7
8. dxc5 Bxc5 9. Nb3 Bd6 10. h3 O-O 11. c3 Re8 12. Re1 Bd7 13. Bd3 h6 14.
Nbd4 a6 15. Bd2 Qc7 16. Qb1 Bf4 17. Bxf4 Qxf4 18. Qc1 Qf6 19. Qd2 g5 20. Bc2
Ng6 21. Bxg6 fxg6 22. Rxe8+ Rxe8 23. Re1 Re4 24. Re2 Qe7 25. Qe1 g4 26. hxg4
Bxg4 27. Re3 h5 28. Nd2 Rxe3 29. Qxe3 Qxe3 30. fxe3 Ne7 31. Kf2 Kf7 32. N2b3
b6 33. a4 Bd7 34. a5 b5 35. Nc5 Bc8 36. Kf3 Kf6 37. b4 Ke5 38. Ke2 g5 39.
Kf3 h4 40. Ke2 g4 41. Kf2 Ng8 42. Nxb5 axb5 43. a6 Bxa6 44. Nxa6 Nf6 45. Nc7
Ne4+ 46. Kg1 Nxc3 47. Kf2 Ke4 48. Ne6 Nd1+ 49. Ke2 Nxe3 50. Nc5+ Kf4 51.
Ne6+ Ke5 52. Nc7 Nxg2 53. Nxb5 Nf4+ 54. Kf1 g3 55. Nc3 h3 56. b5 d4 57. b6
Kd6 58. b7 Kc7 59. Ne4 g2+ 60. Kf2 h2 61. Ng3 g1=Q+ 62. Kf3 Qg2+ 63. Kg4
Kxb7 64. Kf5 h1=Q 65. Ne4 Qxe4+ 66. Kf6 Qh6+ 67. Kf7 Qee6# {White
checkmated} 0-1

[Event "ICCopen2017"]
[Site "Internet Chess Club"]
[Date "2017.04.02"]
[Round "8"]
[White "Shafkat"]
[Black "LeonSantillan"]
[Result "1-0"]
[ICCResult "Black forfeits on time"]
[WhiteElo "1648"]
[BlackElo "1856"]
[Opening "Caro-Kann defense"]
[ECO "B15"]
[NIC "CK.02"]
[Time "20:32:07"]
[TimeControl "180+0"]

1. e4 c6 2. d4 d5 3. Nd2 dxe4 4. Nxe4 Nf6 5. Nc3 Bf5 6. Nf3 e6 7. Bd3 Bg6 8.
Bxg6 hxg6 9. h3 Bd6 10. Be3 Nbd7 11. Qd2 Qc7 12. O-O-O O-O-O 13. Kb1 Kb8 14.
a4 e5 15. dxe5 Nxe5 16. Qe2 Rhe8 17. Nxe5 Bxe5 18. Na2 Nd5 19. Rhe1 Nxe3 20.
Rxd8+ Rxd8 21. Qxe3 f6 22. Nb4 g5 23. g3 Bd6 24. Qb3 Ka8 25. Rd1 a5 26. Nd3
Be5 27. Kc1 Ka7 28. Nc5 Rxd1+ 29. Kxd1 Qd6+ 30. Nd3 Qd4 31. Kc1 Bd6 32. Kb1
Qe4 33. Qc3 Bb4 34. Qb3 Qh1+ 35. Ka2 Qxh3 36. Nxb4 axb4 37. Qxb4 Qe6+ 38.
Qb3 Qxb3+ 39. Kxb3 Kb6 40. c4 g6 41. Kc3 f5 42. b4 {Black forfeits on time}
1-0

[Event "ICCopen2017"]
[Site "Internet Chess Club"]
[Date "2017.04.02"]
[Round "8"]
[White "Smelterlife"]
[Black "fredx"]
[Result "0-1"]
[ICCResult "White checkmated"]
[WhiteElo "349"]
[BlackElo "1018"]
[Opening "Scandinavian defense"]
[ECO "B01"]
[NIC "SD.03"]
[Time "20:33:00"]
[TimeControl "180+0"]

1. e4 d5 2. exd5 Nf6 3. Nf3 Bg4 4. Qe2 Nbd7 5. h3 Bh5 6. g4 Bg6 7. Bg2 Nxd5
8. O-O Nf4 9. Qd1 Nxg2 10. Kxg2 e6 11. d4 Bd6 12. Nc3 O-O 13. Bg5 Be7 14. h4
h6 15. Bxe7 Qxe7 16. Qe1 Bxc2 17. Rc1 Bh7 18. Ne4 Nb6 19. b4 Nd5 20. Rc5
Nf4+ 21. Kg3 Nd3 22. Re5 Nxe1 23. Rxe1 Qxb4 24. Rc1 a5 25. Rxc7 Bxe4 26. Ng5
Bg6 27. Nxe6 fxe6 28. Rxe6 Qxd4 29. Rxg6 Qxf2+ 30. Kh3 Rf3# {White
checkmated} 0-1

[Event "ICCopen2017"]
[Site "Internet Chess Club"]
[Date "2017.04.02"]
[Round "8"]
[White "Svinotigr"]
[Black "kutittaja"]
[Result "1-0"]
[ICCResult "Black forfeits on time"]
[WhiteElo "1783"]
[BlackElo "1521"]
[Opening "Réti opening"]
[ECO "A05"]
[NIC "QP.11"]
[Time "20:31:59"]
[TimeControl "180+0"]

1. Nf3 Nf6 2. d3 g6 3. Nbd2 Bg7 4. e4 d6 5. Qe2 O-O 6. g3 e5 7. h4 h5 8. Bg2
c5 9. c3 Nc6 10. a4 a6 11. O-O Bd7 12. Nc4 Qc7 13. Re1 b5 14. axb5 axb5 15.
Rxa8 Rxa8 16. Ncd2 b4 17. Nf1 Bg4 18. N1h2 Be6 19. Ng5 Bd7 20. Qc2 bxc3 21.
bxc3 Ne8 22. Qb3 Bc8 23. Be3 Nd8 24. Rb1 Ne6 25. Nhf3 Nxg5 26. Nxg5 Nf6 27.
d4 Ng4 28. Qb6 Qd7 29. dxc5 Nxe3 30. fxe3 dxc5 31. Qxc5 Qd3 32. Rf1 f6 33.
Nh3 Be6 34. Nf2 Qc4 35. Qxc4 Bxc4 36. Rd1 Rc8 37. g4 Bf7 38. gxh5 Rxc3 39.
hxg6 Bxg6 40. Ng4 Rc4 41. Rd8+ Kf7 42. Rd7+ Kg8 43. h5 Be8 44. Rd8 Kf7 45.
h6 Bxh6 46. Nxh6+ Kg6 47. Nf5 Bf7 48. Rd7 Be6 49. Nh4+ Kh5 50. Rd6 Bg4 51.
Re6 {Black forfeits on time} 1-0

[Event "ICCopen2017"]
[Site "Internet Chess Club"]
[Date "2017.04.02"]
[Round "8"]
[White "Ataraxia"]
[Black "PITCHUS"]
[Result "1-0"]
[ICCResult "Black resigns"]
[WhiteElo "1919"]
[BlackElo "1718"]
[Opening "Queen's pawn: Yusupov-Rubinstein system"]
[ECO "A46"]
[NIC "QP.06"]
[Time "20:32:46"]
[TimeControl "180+0"]

1. d4 Nf6 2. Nf3 e6 3. e3 c5 4. Bd3 cxd4 5. exd4 Qb6 6. O-O Nc6 7. c3 d5 8.
b3 Bd6 9. Bb2 Bd7 10. Nbd2 Rd8 11. Qe2 O-O 12. Rab1 Rfe8 13. c4 dxc4 14.
bxc4 Bb8 15. d5 exd5 16. Bxf6 Qxb1 17. Qxe8+ Rxe8 18. Rxb1 gxf6 19. Rxb7 Bg4
20. cxd5 Ne7 21. h3 Bxf3 22. Nxf3 Nxd5 23. Bc4 Ne7 24. Bb5 Rd8 25. Rxe7 a5
26. Re8+ Rxe8 27. Bxe8 Kf8 28. Bb5 Bd6 29. Kf1 Ke7 30. Ke2 Ke6 31. Kd3 Kd5
32. Bc4+ Kc5 33. Bxf7 Kb4 34. Bg8 Ka3 35. Bxh7 Kxa2 36. Bg8+ Kb2 37. Ke4 a4
38. Kf5 Be7 39. h4 a3 40. h5 Bf8 41. Kxf6 a2 42. Bxa2 Kxa2 43. Kf7 Bh6 44.
Kg6 Bc1 45. Ng5 Kb3 46. h6 Kc2 47. f4 Kd3 48. h7 Bb2 49. Nf7 Ke4 50. Ne5
Kxf4 51. h8=Q Bxe5 52. Qe8 Kg3 53. Qxe5+ Kxg2 54. Qc3 {Black resigns} 1-0

[Event "ICCopen2017"]
[Site "Internet Chess Club"]
[Date "2017.04.02"]
[Round "8"]
[White "km1515"]
[Black "EddieBarber"]
[Result "0-1"]
[ICCResult "White resigns"]
[WhiteElo "2030"]
[BlackElo "1746"]
[Opening "Queen's pawn game"]
[ECO "A45"]
[NIC "OI.08"]
[Time "20:33:06"]
[TimeControl "180+0"]

1. d4 Nf6 2. Nc3 c5 3. d5 d6 4. e4 e6 5. f4 exd5 6. exd5 g6 7. Nf3 Bg7 8.
Bb5+ Nbd7 9. O-O O-O 10. a4 a6 11. Be2 Re8 12. Nd2 Nf8 13. Bf3 h5 14. h3 Bd7
15. a5 Bb5 16. Re1 Qd7 17. Nde4 Nxe4 18. Nxe4 Nh7 19. Rb1 f5 20. Ng5 Nxg5
21. fxg5 Rxe1+ 22. Qxe1 Re8 23. Qd1 c4 24. c3 Be5 25. Be3 Bh2+ 26. Kxh2 Rxe3
27. Qd4 Qe7 28. b3 cxb3 29. Rxb3 Qxg5 30. Rb2 h4 31. Rb1 Qg3+ 32. Kh1 Rxf3
33. gxf3 Qxf3+ 34. Kh2 Qg3+ 35. Kh1 Qxh3+ 36. Kg1 Qg3+ 37. Kh1 Be2 38. Rb2
Bf3+ {White resigns} 0-1

[Event "ICCopen2017"]
[Site "Internet Chess Club"]
[Date "2017.04.02"]
[Round "8"]
[White "ural"]
[Black "Mmario"]
[Result "0-1"]
[ICCResult "White forfeits on time"]
[WhiteElo "2349"]
[BlackElo "2702"]
[Opening "Sicilian defense"]
[ECO "B20"]
[NIC "SI.48"]
[Time "20:32:49"]
[TimeControl "180+0"]

1. e4 c5 2. b3 d6 3. Bb2 Nf6 4. Bxf6 gxf6 5. Qh5 Nc6 6. Nc3 Bg7 7. f4 f5 8.
exf5 Qa5 9. Nge2 Nd4 10. Nxd4 cxd4 11. Bc4 Rf8 12. Nd5 b5 13. f6 Bxf6 14.
Bxb5+ Kd8 15. Nxf6 exf6 16. O-O Bb7 17. a4 Qxd2 18. Rf2 Qc3 19. Rd1 Kc7 20.
Qe2 Rad8 21. Rd3 Qc5 22. Qd1 a6 23. Bc4 d5 24. b4 Qxc4 25. Rxd4 Qc3 26. Rf3
Qc6 27. b5 axb5 28. axb5 Qc5 29. Qd2 Kb8 30. Rc3 Qb6 31. Kf1 Rfe8 32. Rb3
Re4 33. Rbd3 f5 34. g4 Rxd4 35. Rxd4 fxg4 36. f5 Qxb5+ 37. Kf2 Rc8 38. Rb4
Qc5+ 39. Kg3 Qc3+ 40. Qxc3 Rxc3+ 41. Kxg4 Rc4+ 42. Kg5 Rxb4 43. Kf6 Rf4
{White forfeits on time}
0-1

[Event "ICCopen2017"]
[Site "Internet Chess Club"]
[Date "2017.04.02"]
[Round "8"]
[White "MeneerMandje"]
[Black "Koval"]
[Result "1-0"]
[ICCResult "Black resigns"]
[WhiteElo "2003"]
[BlackElo "1941"]
[Opening "Sicilian: dragon variation"]
[ECO "B70"]
[NIC "SI.15"]
[Time "20:32:36"]
[TimeControl "180+0"]

1. e4 c5 2. Nf3 d6 3. d4 cxd4 4. Nxd4 Nf6 5. Nc3 g6 6. h3 Bg7 7. Bc4 Nc6 8.
Nf3 a6 9. O-O b5 10. Bb3 Bb7 11. Re1 O-O 12. Bg5 h6 13. Bh4 Na5 14. Nd5 Nxb3
15. axb3 Nxd5 16. exd5 g5 17. Nxg5 hxg5 18. Bxg5 f6 19. Bf4 Rf7 20. Re3 Qd7
21. Rg3 Qf5 22. Rg4 Qxd5 23. Qe2 f5 24. Rg3 Qe4 25. Qd2 Kf8 26. Re1 Qd4 27.
Rxg7 Qxg7 28. Bh6 f4 29. Bxg7+ Kxg7 30. Qd4+ Kg8 31. Re6 Rg7 32. Qxg7+ Kxg7
33. Rxe7+ Kf6 34. Rxb7 Rc8 35. Rb6 Rxc2 36. Rxd6+ Kf5 37. Rxa6 Rxb2 38. Ra3
b4 39. Ra5+ Ke4 40. Rb5 Rxb3 41. h4 Rb1+ 42. Kh2 b3 43. h5 Kd3 44. h6 Kc4
45. h7 Kxb5 46. h8=Q Kb4 47. Qd4+ Ka3 48. Qxf4 Ka2 49. Qa4+ Kb2 50. g4 Rc1
51. g5 Rc3 52. g6 Kc2 53. g7 Rc8 54. g8=Q Rxg8 55. Qc4+ Kd1 56. Qxg8 b2 57.
Qb3+ Kc1 58. Qc3+ Kb1 59. Kg2 {Black resigns} 1-0

[Event "ICCopen2017"]
[Site "Internet Chess Club"]
[Date "2017.04.02"]
[Round "8"]
[White "Strider25"]
[Black "alejandrorios"]
[Result "0-1"]
[ICCResult "White forfeits on time"]
[WhiteElo "1801"]
[BlackElo "2122"]
[Opening "Bird's opening"]
[ECO "A02"]
[NIC "VO.07"]
[Time "20:32:51"]
[TimeControl "180+0"]

1. f4 c5 2. e3 g6 3. Nf3 Nc6 4. g3 Bg7 5. Bg2 d6 6. O-O e6 7. c3 Nge7 8. d4
O-O 9. a3 b6 10. Re1 Qc7 11. Nbd2 Ba6 12. Ne4 d5 13. Nf2 Rac8 14. Ne5 Nf5
15. Qf3 Nce7 16. Bd2 Nd6 17. g4 f6 18. Ned3 Bb7 19. Qg3 c4 20. Nb4 a5 21.
Nc2 f5 22. g5 Ne4 23. Bxe4 fxe4 24. Ng4 Nf5 25. Qh3 b5 26. Rf1 Bc6 27. Rf2
Be8 28. Raf1 Rb8 29. Ne1 Kf7 30. Ng2 Rh8 31. Nh4 Bd7 32. Ne5+ Bxe5 33. fxe5
Kg7 34. Nxf5+ exf5 35. Qg3 Be6 36. h4 h6 37. gxh6+ Rxh6 38. Rf4 Rbh8 39.
R1f2 Qe7 40. Rh2 Kf8 41. Rff2 Kf7 42. Rf4 g5 43. Rff2 Rxh4 44. Kf1 Kg6 45.
Ke2 Qh7 46. Rxh4 Qxh4 47. Rg2 Qxg3 48. Rxg3 Rh2+ 49. Kd1 Bf7 50. Be1 Kh6 51.
Bd2 Bh5+ 52. Kc1 Rh1+ 53. Kc2 Bd1+ 54. Kb1 Bb3+ 55. Bc1 f4 56. exf4 gxf4 57.
e6 b4 58. e7 Ba4 59. axb4 axb4 {White forfeits on time} 0-1

[Event "ICCopen2017"]
[Site "Internet Chess Club"]
[Date "2017.04.02"]
[Round "8"]
[White "manusupergm2001"]
[Black "supermouse"]
[Result "0-1"]
[ICCResult "White checkmated"]
[WhiteElo "2220"]
[BlackElo "2615"]
[Opening "Grünfeld: Smyslov defense"]
[ECO "A00"]
[Time "20:32:07"]
[TimeControl "180+0"]

1. e3 d5 2. d4 Nf6 3. c4 c6 4. Nc3 g6 5. Nf3 Bg7 6. Bd3 O-O 7. O-O Bg4 8. h3
Bxf3 9. Qxf3 e6 10. b3 Re8 11. Bb2 Nbd7 12. e4 dxe4 13. Nxe4 Nxe4 14. Bxe4
Qa5 15. Bc3 Qa3 16. Rfe1 Rac8 17. Re2 Nf6 18. Bd3 Nd7 19. Be4 Qf8 20. Rae1
Bf6 21. Re3 Qg7 22. Qd1 b6 23. Rd3 c5 24. Bb2 cxd4 25. Bxd4 Nc5 26. Bxc5
bxc5 27. Rd7 a5 28. Qf3 Bd4 29. Rd1 Red8 30. Ra7 Bc3 31. Rxd8+ Rxd8 32. Qd3
Bd4 33. Kf1 Qe5 34. Qf3 f5 35. Bd3 Bc3 36. g3 Qd6 37. Be2 Rd7 38. Qa8+ Kg7
39. Rxd7+ Qxd7 40. Bf3 Qd2 41. Qb7+ Kh6 42. Qc8 Bd4 43. Qf8+ Bg7 44. Qxc5
Bd4 45. Qf8+ Bg7 46. Qe7 Bd4 47. Qh4+ Kg7 48. Qe7+ Kh6 49. Qh4+ Kg7 50. g4
g5 51. Qg3 f4 52. Qh2 Bc3 53. Kg2 Bd4 54. Kg1 Qe1+ 55. Kg2 Qxf2+ 56. Kh1
Qe1+ 57. Qg1 Qxg1# {White checkmated} 0-1

[Event "ICCopen2017"]
[Site "Internet Chess Club"]
[Date "2017.04.02"]
[Round "8"]
[White "lustigbridge"]
[Black "patterncircular"]
[Result "1-0"]
[ICCResult "Black forfeits on time"]
[WhiteElo "1940"]
[BlackElo "2021"]
[Opening "King's pawn opening"]
[ECO "B07"]
[NIC "VO.17"]
[Time "20:32:20"]
[TimeControl "180+0"]

1. e4 d6 2. Nc3 Nf6 3. f4 c6 4. Nf3 Bg4 5. d4 Nbd7 6. h3 Bxf3 7. Qxf3 e5 8.
dxe5 dxe5 9. Be3 Bc5 10. O-O-O Bxe3+ 11. Qxe3 Qb6 12. Qg3 exf4 13. Qxf4 Qa5
14. e5 Qxe5 15. Qxe5+ Nxe5 16. Re1 Nd7 17. Bc4 f6 18. Ne4 Ke7 19. Bb3 b6 20.
Ng3 g6 21. Rhf1 Rhf8 22. Ne4 a5 23. a3 a4 24. Ba2 Ra5 25. g4 h6 26. Re3 Kd8
27. Rd1 Kc7 28. c3 Nc5 29. Nxc5 Rxc5 30. Bb1 Rd8 31. Rf1 Rd6 32. Re4 b5 33.
Rd1 Rxd1+ 34. Kxd1 Rd5+ 35. Rd4 Kd6 36. Ke2 c5 37. Rf4 Ke7 38. Be4 Rd6 39.
h4 Rb6 40. Rf1 b4 41. axb4 cxb4 42. Ra1 a3 43. bxa3 bxc3 44. Rc1 Rb3 45. a4
Nxg4 46. Bxg6 Kd6 47. h5 Ke5 48. Bd3 Kd4 49. Bc2 Rb2 50. Kf3 Ne5+ 51. Kf4
Nc4 52. Bf5 Nd2 53. Rd1 Kc4 54. Rc1 Kb3 55. Rg1 c2 56. Bxc2+ Rxc2 57. Rg6
Kb2 58. Rxh6 Nb3 59. Kf5 Rc4 60. Kg6 Rxa4 61. Kf7 Rf4 62. Rh8 Rf3 63. Rb8
Kc2 64. Kg6 Kb2 65. h6 {Black forfeits on time} 1-0

[Event "ICCopen2017"]
[Site "Internet Chess Club"]
[Date "2017.04.02"]
[Round "8"]
[White "Ohanessian"]
[Black "gannikus1992"]
[Result "1/2-1/2"]
[ICCResult "White ran out of time and Black has no material to mate"]
[WhiteElo "2172"]
[BlackElo "2455"]
[Opening "Sicilian: Richter-Rauzer, Larsen variation"]
[ECO "B60"]
[NIC "SI.27"]
[Time "20:31:58"]
[TimeControl "180+0"]

1. e4 c5 2. Nf3 d6 3. d4 cxd4 4. Nxd4 Nf6 5. Nc3 Nc6 6. Bg5 Bd7 7. Bxf6 gxf6
8. Qd2 Rc8 9. Be2 h5 10. f4 h4 11. O-O-O Bh6 12. g3 Nxd4 13. Qxd4 Qa5 14.
Kb1 Qc5 15. Qd2 b5 16. Nd5 Bg7 17. Rhg1 h3 18. f5 Bh6 19. Qd3 b4 20. Qb3 a5
21. c3 bxc3 22. Nxc3 Be3 23. Rgf1 Bd4 24. Nb5 Be5 25. a4 Kf8 26. Rc1 Qb6 27.
Bc4 Bc6 28. Bxf7 Bxe4+ 29. Ka2 Rxc1 30. Rxc1 Kg7 31. Bg6 d5 32. Qa3 Bd6 33.
Nxd6 exd6 34. Qc3 Rb8 35. Qc7+ Qxc7 36. Rxc7+ Kh6 37. Rh7+ Kg5 38. Rxh3 d4
39. Rh4 Bd5+ 40. Kb1 Rb4 41. Kc2 Rxa4 42. Rf4 d3+ 43. Kxd3 Rxf4 44. gxf4+
Kxf4 45. Kd4 Be4 46. h4 Bxf5 47. Bf7 Bb1 48. Bd5 Kg4 49. Bc6 f5 50. Kd5 f4
51. Kxd6 Kxh4 52. Kc5 Bc2 53. Kb5 a4 54. Kb4 Kg3 55. Ka3 Bb3 56. Be4 f3 57.
Bb7 f2 58. Ba6 Kg2 59. Be2 Kg1 60. Bf1 Bd5 61. Be2 Bg2 62. Bd3 f1=Q 63. Bxf1
Bxf1 64. Kxa4 Bc4 65. Ka3 Bd5 66. Kb4 Bb7 67. Kc5 Kf2 68. b4 Ke3 69. b5 Be4
70. Kb6 Bf3 71. Kc5 Be4 72. b6 Bf3 73. Kd6 Kf4 74. Kc7 Bb7
{White ran out of time and Black has no material to mate}
1/2-1/2

[Event "ICCopen2017"]
[Site "Internet Chess Club"]
[Date "2017.04.02"]
[Round "8"]
[White "hawkstorm"]
[Black "iliketal"]
[Result "0-1"]
[ICCResult "White forfeits on time"]
[WhiteElo "1664"]
[BlackElo "1800"]
[Opening "Sicilian defense"]
[ECO "B30"]
[NIC "SI.31"]
[Time "20:32:36"]
[TimeControl "180+0"]

1. e4 c5 2. Nf3 Nc6 3. Bc4 e6 4. Nc3 Nf6 5. d3 d5 6. exd5 exd5 7. Bb3 Be7 8.
O-O O-O 9. h3 h6 10. a3 a6 11. Bf4 b5 12. Qd2 c4 13. Ba2 Bf5 14. Nh4 Bh7 15.
dxc4 dxc4 16. Qe2 Re8 17. Qf3 Qc8 18. Be3 Bxc2 19. Rac1 Bd3 20. Rfe1 Ne5 21.
Qg3 Bd6 22. Bf4 Nh5 23. Qe3 Nxf4 24. Qxf4 Re6 25. Nd5 Ng6 26. Nxg6 Bxf4 27.
Rxe6 Bxg6 28. Ne7+ Kh7 29. Nxc8 fxe6 30. Ne7 Bd3 31. Rd1 Re8 32. Nc6 e5 33.
b3 e4 34. bxc4 bxc4 35. Bb1 Bxb1 36. Rxb1 e3 37. Ra1 exf2+ 38. Kxf2 c3 39.
Re1 Bd2 {White forfeits on time} 0-1

[Event "ICCopen2017"]
[Site "Internet Chess Club"]
[Date "2017.04.02"]
[Round "8"]
[White "DaGame"]
[Black "Assured"]
[Result "1-0"]
[ICCResult "Black resigns"]
[WhiteElo "2729"]
[BlackElo "2789"]
[Opening "Queen's Indian: old main line, 7.Nc3"]
[ECO "E18"]
[NIC "QI.10"]
[Time "20:32:58"]
[TimeControl "180+0"]

1. Nf3 Nf6 2. g3 b6 3. Bg2 Bb7 4. c4 e6 5. O-O Be7 6. d4 O-O 7. Nc3 Ne4 8.
Bd2 Bf6 9. Rc1 d6 10. d5 Nxd2 11. Qxd2 e5 12. e4 a5 13. a3 Na6 14. Qc2 g6
15. Ne1 Bg5 16. Rb1 f5 17. f4 exf4 18. gxf4 Bf6 19. exf5 gxf5 20. Bh3 Bc8
21. Kh1 Kh8 22. Nf3 Nc5 23. Rbe1 Bd7 24. Nb5 Bxb5 25. cxb5 Bg7 26. Bxf5 Qf6
27. Bxh7 Qxf4 28. Bg6 Qg4 29. Qg2 Qxg2+ 30. Kxg2 Bxb2 31. Re7 Rf6 32. Nh4
Rxf1 33. Kxf1 Bf6 34. Rxc7 Bxh4 35. Rh7+ Kg8 36. Rxh4 Kg7 37. Rg4 Kf6 38. h4
Rh8 39. h5 Ke5 40. Rg5+ Kd4 41. Kf2 Kc4 42. Ke3 Kxb5 43. Kf4 Ka4 44. Rg3 b5
45. Kg5 b4 46. axb4 axb4 47. h6 b3 48. h7 b2 49. Kf6 Rb8 50. Bb1 Nb3 51. Rg8
Rb4 52. Ra8+ Kb5 53. Rb8+ {Black resigns} 1-0

[Event "ICCopen2017"]
[Site "Internet Chess Club"]
[Date "2017.04.02"]
[Round "8"]
[White "Kusox"]
[Black "bhaiju"]
[Result "1-0"]
[ICCResult "Black checkmated"]
[WhiteElo "2102"]
[BlackElo "1740"]
[Opening "Sicilian defense"]
[ECO "B33"]
[NIC "SI.34"]
[Time "20:33:08"]
[TimeControl "180+0"]

1. e4 c5 2. Nf3 Nc6 3. d4 cxd4 4. Nxd4 Nf6 5. Nc3 a6 6. Be2 e6 7. O-O Bb4 8.
Nxc6 bxc6 9. e5 Nd5 10. Ne4 O-O 11. c4 Ne7 12. a3 Ba5 13. b4 Bc7 14. Bb2 Ng6
15. f4 a5 16. c5 Ba6 17. Bxa6 Rxa6 18. Nd6 Ne7 19. Qd4 Nd5 20. f5 Bxd6 21.
exd6 f6 22. fxe6 dxe6 23. Rae1 e5 24. Qc4 Ra7 25. b5 Qd7 26. bxc6 Qxc6 27.
Rd1 Rb7 28. Rxd5 Kh8 29. Bxe5 Re8 30. Bc3 a4 31. Rfd1 Rd7 32. Bb4 h6 33. Qd3
Red8 34. Rd4 Qb7 35. Qe4 Qxe4 36. Rxe4 Rc8 37. Re7 Rcd8 38. Rxd7 Rxd7 39. c6
Rd8 40. d7 Rb8 41. c7 Rb7 42. d8=Q+ Kh7 43. c8=Q Rxb4 44. axb4 a3 45. Qf5+
g6 46. Rd7# {Black checkmated} 1-0

[Event "ICCopen2017"]
[Site "Internet Chess Club"]
[Date "2017.04.02"]
[Round "8"]
[White "LiangLiang"]
[Black "YHWH"]
[Result "1-0"]
[ICCResult "Black resigns"]
[WhiteElo "1815"]
[BlackElo "1527"]
[Opening "Réti: Nimzovich-Larsen attack"]
[ECO "A06"]
[NIC "QP.09"]
[Time "20:33:56"]
[TimeControl "180+0"]

1. Nf3 d5 2. b3 c5 3. Bb2 Nc6 4. g3 Bg4 5. Bg2 Qc7 6. O-O e5 7. h3 Be6 8. d3
Bd6 9. Nbd2 Qd7 10. e3 Bxh3 11. d4 f6 12. dxc5 Bxc5 13. c4 Nge7 14. cxd5
Nxd5 15. Bxh3 Qxh3 16. Ne4 Nxe3 17. fxe3 Bxe3+ 18. Rf2 O-O 19. Qd5+ Kh8 20.
Re1 Rad8 21. Qc4 Bb6 22. Qf1 f5 23. Qxh3 fxe4 24. Rxe4 Nd4 25. Nxd4
{Black resigns}
1-0

[Event "ICCopen2017"]
[Site "Internet Chess Club"]
[Date "2017.04.02"]
[Round "8"]
[White "TomorrowLand"]
[Black "BronStorm"]
[Result "1-0"]
[ICCResult "Black forfeits on time"]
[WhiteElo "1888"]
[BlackElo "1934"]
[Opening "French: King's Indian attack"]
[ECO "C00"]
[NIC "FR.02"]
[Time "20:33:19"]
[TimeControl "180+0"]

1. e4 e6 2. d3 d5 3. Nd2 Nf6 4. Ngf3 Nc6 5. exd5 exd5 6. Be2 Bd6 7. O-O O-O
8. c3 Re8 9. Re1 h6 10. Nf1 Bf5 11. Ng3 Bh7 12. Be3 Ng4 13. Bd2 Nge5 14. Be3
Nxf3+ 15. Bxf3 Ne5 16. Be2 c6 17. Qd2 Qd7 18. a4 b6 19. a5 c5 20. d4 Ng4 21.
Bxg4 Qxg4 22. axb6 axb6 23. Rxa8 Rxa8 24. dxc5 bxc5 25. Qxd5 Rd8 26. Bxc5
Bg6 27. Bxd6 Qd7 28. Rc1 Qxd6 29. Qxd6 Rxd6 30. Nf1 Rb6 31. b4 Bd3 32. Ne3
Ra6 33. Rd1 Bb5 34. g3 Ra2 35. h3 Bc6 36. Rb1 Be4 37. Rc1 Bf3 38. c4 Rb2 39.
b5 g6 40. Ra1 h5 41. h4 Kg7 42. Rc1 {Black forfeits on time} 1-0